 Dungeon Crawl Stone Soup version 0.20-a0-210-gd6c29eb (webtiles) character file.

716 KristoblXynda the Chucker (level 7, -7/55 HPs)
             Began as a Grey Draconian Hunter on Nov 26, 2016.
             Was an Initiate of Okawaru.
             Mangled by a small abomination (10 damage)
             ... on level 1 of the Abyss.
             The game lasted 00:09:03 (4259 turns).

KristoblXynda the Chucker (Grey Draconian Hunter)   Turns: 4259, Time: 00:09:04

Health: -7/55      AC: 11    Str: 15    XL:     7   Next: 41%
Magic:  7/7        EV: 14    Int: 13    God:    Okawaru [......]
Gold:   222        SH:  0    Dex: 11    Spells: 6/6 levels left

rFire  . . .     SeeInvis .     e - +0 rapier (speed)
rCold  . . .     Gourm    +     (armour unavailable)
rNeg   . . .     Faith    .     (no shield)
rPois  .         Spirit   .     (helmet restricted)
rElec  .         Reflect  .     (no cloak)
rCorr  .         Harm     .     (no gloves)
MR     .....                    (no boots)
Stlth  +.........               l - amulet of the gourmand
                                (no ring)
                                (no ring)

@: no status effects
A: walk through water, unfitting armour, talons 1, unbreathing, cold-blooded, AC
+11
a: Renounce Religion


You were on level 1 of the Abyss.
You worshipped Okawaru.
Okawaru was noncommittal.
You were very full.

You visited 1 branch of the dungeon, and saw 4 of its levels.
You visited the Abyss 1 time.

You collected 222 gold pieces.

Inventory:

Hand Weapons
 e - a +0 rapier of speed (weapon)
 s - a +2 long sword
Missiles
 b - 2 javelins
 c - a throwing net (quivered)
Jewellery
 l - an amulet of the gourmand (around neck)
 r - an uncursed amulet of magic regeneration
Scrolls
 a - a scroll of remove curse
 i - a scroll of amnesia
 j - a scroll of identify
Potions
 g - a potion of flight
 h - a potion of curing
Comestibles
 d - 4 bread rations
 f - a slice of pizza
 q - 2 beef jerkies


   Skills:
 - Level 2.1 Fighting
 + Level 3.5 Long Blades
 + Level 6.1 Throwing
 + Level 4.7 Dodging
 - Level 0.8 Stealth


You had 6 spell levels left.
You didn't know any spells.

Dungeon Overview and Level Annotations

Branches:
Dungeon (4/15)
 Temple: D:4-7

Altars:
Okawaru

Annotations:
D:4 Edmund


Innate Abilities, Weirdness & Mutations

You can walk through water.
Your dull iron-grey scales are very hard. (AC +11)
You cannot fit into any form of body armour.
You can survive without breathing.
You are cold-blooded and may be slowed by cold attacks.
You have sharp toenails.


Message History

A small abomination comes into view.
A white imp comes into view.
The small abomination hits you!!
Okay, then.
The small abomination hits you!
The small abomination hits you but does no damage.
The white imp shouts, "Get thee gone, thou weedy dismal-dreaming giglet!"
The small abomination barely misses you.
Found a slice of pizza.
The small abomination hits you!
* * * LOW HITPOINT WARNING * * *
Found a scroll of remove curse.
The small abomination hits you!
* * * LOW HITPOINT WARNING * * *
The white imp gestures at you. The puff of frost misses you.
A quasit comes into view.
The quasit barely misses you. x2; The quasit completely misses you.
The quasit moves out of view.
The small abomination hits you!
You die...

...#.##.#.. .#.# .
# .........###.##
.#.. 5 #.#
#.##.######... #
.........#.....#
##. . #...#.#....#
...
.........5.#.##.##
.#.#..##.#...#...#
# #.# #.. .#x#
%......##.#@#
##..... #......# .
.?#.#.##.#..# .#
#...## ..#....
.#.# ##.##..≈≈ ##.
##≈≈≈♣ ##≈≈ ≈≈


You could see a small abomination.

Vanquished Creatures
  Menkaure (D:4)
  Duvessa (D:4)
  An ogre (D:4)
  A scorpion (D:4)
  Dowan (D:4)
  A howler monkey (D:4)
  A hound (D:4)
  An orc priest (D:4)
  An orc wizard (D:4)
  3 worker ants (D:4)
  4 adders
  2 oozes
  A worm (D:3)
  A dart slug (D:2)
  2 leopard geckos
  4 orcs
  A ball python (D:1)
  4 bats
  4 giant cockroaches
  9 goblins
  5 hobgoblins
  12 jackals
  8 kobolds
  4 quokkas
  7 frilled lizards
  8 rats
88 creatures vanquished.

Notes
Turn   | Place    | Note
-------+----------+-------------------------------------------
     0 | D:1      | KristoblXynda the Draconian Hunter began the quest for the Orb.
     0 | D:1      | Reached XP level 1. HP: 17/17 MP: 1/1
   201 | D:1      | Reached XP level 2. HP: 11/24 MP: 2/2
   437 | D:1      | Reached skill level 4 in Throwing
   765 | D:1      | Reached XP level 3. HP: 26/29 MP: 3/3
  1540 | D:3      | Reached XP level 4. HP: 19/36 MP: 4/4
  2751 | D:4      | Noticed Dowan
  2752 | D:4      | Noticed Duvessa
  2778 | D:4      | Killed Duvessa
  2778 | D:4      | Reached skill level 1 in Long Blades
  2778 | D:4      | Reached skill level 5 in Throwing
  2778 | D:4      | Reached XP level 5. HP: 14/41 MP: 5/5
  2789 | D:4      | Killed Dowan
  2896 | D:4      | Reached XP level 6. HP: 34/48 MP: 6/6
  3118 | D:4      | Noticed Menkaure
  3139 | D:4      | Killed Menkaure
  3160 | D:4      | Your scales start taking on a dull iron-grey colour.
  3160 | D:4      | Reached XP level 7. HP: 12/55 MP: 7/7
  3160 | D:4      | Gained mutation: You can survive without breathing. [Grey Draconian growth]
  3627 | D:4      | Reached skill level 6 in Throwing
  3657 | D:4      | Gained mutation: You have sharp toenails. [potion of beneficial mutation]
  3858 | D:4      | Found an iron altar of Okawaru.
  3864 | D:4      | Became a worshipper of Warmaster Okawaru
  4107 | D:4      | Noticed Edmund
  4192 | D:4      | Cast into level 1 of the Abyss (Edmund)
  4201 | Abyss:1  | Found a corrupted altar of Lugonu.
  4233 | Abyss:1  | Noticed a small abomination
  4256 | Abyss:1  | HP: 2/55 [small abomination (10)]
  4259 | Abyss:1  | Mangled by a small abomination

Vault maps used:
D:1:      minmay_arrival_widening_spiral_wide, minmay_misc_feat_tower,
          minmay_domino_4
D:4:      first_bread, okawaru_gym_becter, uniq_edmund, uniq_duvessa,
          uniq_menkaure

Skill      XL: |  1  2  3  4  5  6  7 |
---------------+----------------------+-----
Dodging        | 2 3 4 |  4.7
Throwing       | 4 5 6 |  6.1
Long Blades    | 1 2 3 |  3.5
Fighting       | |  2.1
Stealth        | |  0.8

Action                   |  1- 3 |  4- 6 |  7- 9 || total
-------------------------+-------+-------+-------++-------
Melee: Short sword       |    55 |       |       ||    55
       Tailslap          |    11 |    12 |    12 ||    35
       Hand axe          |    64 |    90 |       ||   154
       Rapier            |       |    48 |   100 ||   148
       Kick              |       |       |     9 ||     9
Throw: Javelin           |     3 |     2 |     4 ||     9
       Throwing net      |       |       |     2 ||     2
  Use: Scroll            |       |     9 |     2 ||    11
       Potion            |       |     6 |     1 ||     7
 Stab: Sleeping          |     3 |       |       ||     3
       Invisible         |       |     3 |       ||     3
       Held in net/web   |       |       |     1 ||     1
  Eat: Chunk             |     1 |    15 |     2 ||    18
Armor: Skin              |    30 |    32 |    33 ||    95
Dodge: Dodged            |    76 |   120 |    36 ||   232
